Map: Deathaura LE

Players

Neeb - Winner!

  • Race: Protoss Protoss
  • Spawn Location: 11:00

MaSa

  • Race: Terran Terran
  • League: Master
  • Spawn Location: 5:00

Event: DreamHack SC2 Masters 2020 Summer North America

VOD

Have the link to the VOD?

Description

Time

  • Played on: July 5, 2020, 2:29 p.m.
  • Length: 4:27

All games in this series

Show
View Real Time Build Order
Export as new Build Order

Neeb Protoss - Winner!

Build Orders:  

Get SALT Encoding   

  12  0:00  Probe  
  13  0:12  Probe  
  14  0:18  Pylon  
  14  0:25  Probe  
  15  0:34  Probe  
  15  0:36  Gateway  
  15  0:42  Probe  
  16  0:49  Assimilator  
  17  0:52  Probe  
  18  0:59  Pylon  
  19  1:04  Probe  
  19  1:17  Gateway, Probe  
  20  1:24  Cybernetics Core  
  20  1:29  Probe  
  21  1:42  Probe  
  22  1:54  Stalker  
  22  1:57  Nexus  
  23  2:12  Stalker  
  23  2:14  Stalker  
  25  2:17  Assimilator  
  25  2:27  Probe  
  28  2:38  Warp Gate  
  28  2:40  Probe  
  29  2:46  Pylon  
  29  2:49  Stalker  
  31  3:04  Probe  
  32  3:07  Probe  
  32  3:11  Robotics Facility  
  33  3:15  Probe  
  33  3:16  Probe  
  35  3:25  Probe  
  35  3:28  Probe  
  35  3:30  Stalker  
  35  3:33  Stalker  
  41  3:37  Probe  
  42  3:45  Probe  
  43  3:49  Probe  
  43  3:51  Pylon  
  44  3:57  Probe  
  45  4:09  Probe  
  36  4:12  Probe  
Show
View Real Time Build Order
Export as new Build Order

MaSa Terran 

Build Orders:  

Get SALT Encoding   

  12  0:00  SCV  
  13  0:12  SCV  
  14  0:17  Supply Depot  
  14  0:24  SCV  
  15  0:38  SCV  
  15  0:39  Barracks  
  16  0:44  Refinery  
  16  0:50  SCV  
  17  1:02  SCV  
  18  1:14  SCV  
  19  1:26  Orbital Command, Marine  
  20  1:46  Factory  
  20  1:52  Command Center  
  20  1:56  SCV  
  20  2:00  Marine  
  22  2:06  Supply Depot  
  22  2:10  SCV  
  22  2:13  Refinery  
  23  2:27  Marine  
  23  2:28  SCV  
  25  2:32  Hellion  
  25  2:36  Starport  
  27  2:40  SCV  
  27  2:45  Marine  
  28  2:52  SCV  
  28  2:54  Hellion  
  30  2:59  Supply Depot  
  30  3:03  Marine  
  31  3:17  SCV  
  31  3:21  Hellion, Medivac  
  31  3:27  Marine  
  31  3:29  SCV  
  33  3:39  Bunker  
  29  3:44  Factory Tech Lab  
  29  3:46  Marine  
  25  3:49  SCV  
  20  4:03  SCV  
  20  4:04  Marine  
  20  4:15  SCV  
Tags
 
Add a new tag
Caveats
  • Supply blocks, unpowered buildings, or Contaminate may cause inaccurate times.
  • Supply counts are checked every 10 seconds.